 Dungeon Crawl Stone Soup version 0.28.0 (webtiles) character file.

Game seed: 16125026553378077098

86 Angani the Skirmisher (level 4, 0/41 HPs)
             Began as a Draconian Delver on Feb 14, 2022.
             Slain by a sky beast (5 damage)
             ... on level 5 of the Dungeon.
             The game lasted 00:00:57 (381 turns).

Angani the Skirmisher (Draconian Delver)             Turns: 381, Time: 00:00:58

Health: 0/41       AC:  5    Str: 14    XL:     4   Next: 27%
Magic:  4/4        EV: 12    Int: 12    God:
Gold:   6          SH:  0    Dex: 13    Spells: 3/3 levels left

rFire   . . .      SeeInvis .   a - +0 spear
rCold   . . .      Faith    .   (no shield)
rNeg    . . .      Spirit   .   (armour unavailable)
rPois   .          Reflect  .   (helmet restricted)
rElec   .          Harm     .   (no cloak)
rCorr   .          Rampage  .   (no gloves)
Will    .....                   (no boots)
Stlth   +++.......              (no amulet)
HPRegen 0.13/turn               (no ring)
MPRegen 0.09/turn               (no ring)

@: no status effects
A: AC +5, unfitting armour, cold-blooded
a: no special abilities


You were on level 5 of the Dungeon.
You visited 1 branch of the dungeon, and saw 2 of its levels.

You collected 6 gold pieces.

Inventory:

Hand Weapons
 a - a +0 spear (weapon)
Wands
 f - a wand of digging (3)


   Skills:
 + Level 4.6 Fighting
 + Level 3.5 Polearms
 - Level 1.7 Dodging
 - Level 4.5 Stealth


You had 3 spell levels left.
You didn't know any spells.
Your spell library was empty.

Dungeon Overview and Level Annotations

Branches:
Dungeon (6/15)
 Temple: D:4-7

Altars:


Innate Abilities, Weirdness & Mutations

Your plain brown scales are hard. (AC +5)
You cannot fit into any form of body armour.
You are cold-blooded and may be slowed by cold attacks.


Message History

Removed exclusion.
Okay, then.
You open the door.
There is an open door here.
As you read the scroll of fog, it crumbles to dust.
The scroll dissolves into smoke.
Reach: a) +0 spear
Press: ? - help, Dir - move target, f - sky beast
Aim: a sky beast (purple smoke, about 47% to evade your +0 spear)
You reach to attack!
You closely miss the sky beast. You hit the sky beast.
The sky beast is lightly wounded.
The sky beast hits you. The sky beast shocks you.
You closely miss the sky beast.
The sky beast is lightly wounded.
The sky beast hits you. The sky beast shocks you.
You closely miss the sky beast. You tail-slap the sky beast.
The sky beast is lightly wounded.
The sky beast hits you but does no damage.
You hit the sky beast.
Your tail-slap misses the sky beast.
The sky beast is moderately wounded.
The sky beast misses you.
You hit the sky beast.
The sky beast is moderately wounded.
The sky beast flickers out of sight!
Deactivating autopickup; reactivate with Ctrl-A.
Something hits you but does no damage.
You closely miss something.
Your tail-slap misses something.
You completely miss something. Something hits you. Something shocks you.
You miss something. Something hits you but does no damage.
You hit something. Something hits you but does no damage.
You hit something.
Your tail-slap misses something.
Something hits you. Something shocks you.
* * * LOW HITPOINT WARNING * * *
You hit something but do no damage. You tail-slap something.
Something hits you but does no damage.
You hit something.
Your tail-slap misses something.
Something hits you.
* * * LOW HITPOINT WARNING * * *
Something shocks you.
You die...

#...# #...#
#...# #...#
#...# #...#
#§§§###
#§{§#>######
#§@§#......#
#§§§#......#
#§§§#......#
####'##......#
#............#
#............#
##.#......)..#
#..#........#
#.....#######


There were no monsters in sight!

Vanquished Creatures
  A necrophage (D:5)
1 creature vanquished.

Notes
Turn   | Place    | Note
-------+----------+-------------------------------------------
     0 | D:5      | Angani the Draconian Delver began the quest for the Orb.
     0 | D:5      | Reached XP level 1. HP: 19/19 MP: 1/1
     4 | D:5      | Noticed a necrophage
    29 | D:5      | Killed a necrophage
    30 | D:5      | Reached XP level 2. HP: 7/28 MP: 2/2
    30 | D:5      | Reached XP level 3. HP: 9/34 MP: 3/3
    30 | D:5      | Reached XP level 4. HP: 11/41 MP: 4/4
   279 | D:5      | Noticed a sky beast
   336 | D:6      | Noticed a scorpion
   338 | D:6      | Noticed an ogre
   381 | D:5      | Slain by a sky beast

Illustrated notes

Levels and vault maps discovered:
D:5:      layout_rooms, nrook_uturn, abandoned_shop
D:6:      layout_loops_corners, uniq_maggie, uniq_duvessa

Skill      XL: |  1 |
---------------+----+-----
Fighting       | 4 |  4.6
Polearms       | 3 |  3.5
Dodging        | |  1.7
Stealth        | |  4.5

Action                   |  1- 3 |  4- 6 || total
-------------------------+-------+-------++-------
Melee: Spear             |    21 |    13 ||    34
       Tailslap          |     2 |     2 ||     4
       Punch             |     1 |       ||     1
  Use: Potion            |     1 |       ||     1
       Scroll            |       |     3 ||     3
Armor: Skin              |     3 |     6 ||     9
Dodge: Dodged            |     6 |     1 ||     7
